 Dungeon Crawl Stone Soup version 0.31-a0-187-gba352fbbf7 (webtiles) character file.

Game seed: 7911920541511898747

11655 innerfire43 the Basher (level 11, 0/89 HPs)
             Began as a Demonspawn Monk on June 22, 2023.
             Was an Elder of Nemelex Xobeh.
             Slain by Rupert
             ... wielding a +2 heavy great sword
              (27 damage)
             ... on level 12 of the Dungeon.
             The game lasted 00:19:06 (10656 turns).

innerfire43 the Basher (Demonspawn Monk)           Turns: 10656, Time: 00:19:10

Health: 0/89       AC: 10    Str: 15    XL:     11   Next: 52%
Magic:  11/11      EV: 20    Int: 16    God:    Nemelex Xobeh [****..]
Gold:   957        SH:  9    Dex: 14    Spells: 10/10 levels left

rFire   . . .        p - +3 whip (distort)
rCold   . . .        d - orb {light}
rNeg    . . .        J - +1 steam dragon scales
rPois   .            (no helmet)
rElec   .            (cloak unavailable)
rCorr   .            (no gloves)
SInv    .            (no boots)
Will    .....        n - amulet of reflection
Stlth   +            C - +4 ring of protection
HPRegen 0.34/turn    (no ring)
MPRegen 0.12/turn

%: reflection
@: agile, glowing, unable to read
A: large bone plates 1, demonic guardian 2, powered by pain 1, weakness stinger
3, hooves 1, clever 1, inability to read after injury 1
a: Renounce Religion, Draw Escape, Draw Destruction, Draw Summoning, Triple
Draw, Deal Four


You were on level 12 of the Dungeon.
You worshipped Nemelex Xobeh.
Nemelex Xobeh was greatly pleased with you.
You visited 2 branches of the dungeon, and saw 12 of its levels.

You collected 957 gold pieces.

Inventory:

Hand Weapons
 a - a +0 hand axe
 m - the +3 falchion of the Sky {flame, Contam Dex-2 SInv Stlth+}
   (You found it on level 10 of the Dungeon)

   Dex:       It affects your dexterity (-2).
   SInv:      It lets you see invisible.
   Contam:    It causes magical contamination when unequipped.
   Stlth:     It makes you more stealthy.
 p - a +3 whip of distortion (weapon)
 r - a +2 short sword of speed
 F - a +3 flail
 G - a +3 dire flail of freezing
Missiles
 h - 3 throwing nets
 N - 5 silver javelins
Armour
 b - a +0 robe
 d - an orb of light (worn)
 f - a +0 cloak
 l - a +0 chain mail
 v - a +0 cloak
 w - a +0 helmet
 J - +1 steam dragon scales (worn)
 M - a +0 troll leather armour
Jewellery
 j - an amulet of guardian spirit
 n - an amulet of reflection (around neck)
 y - an amulet of regeneration
 C - a +4 ring of protection (left hand)
 I - a ring of ice
Wands
 H - a wand of roots (6)
Scrolls
 e - 3 scrolls of identify
 k - a scroll of summoning
 q - 7 scrolls of teleportation
 u - a scroll of vulnerability
 z - 3 scrolls of revelation
 B - a scroll of fear
 E - a scroll of torment {unknown}
 L - a scroll of brand weapon {unknown}
 O - a scroll of noise {unknown}
Potions
 c - 3 potions of ambrosia
 i - a potion of degeneration {unknown}
 o - 2 potions of invisibility {unknown}
 s - a potion of brilliance {unknown}
 t - a potion of magic {unknown}
 x - 2 potions of attraction {unknown}
 A - a potion of cancellation {unknown}
 D - a potion of berserk rage {unknown}
 K - a potion of enlightenment {unknown}


   Skills:
 * Level 9.0 Fighting
 - Level 3.3(7.1) Axes
 + Level 9.8(10.1) Maces & Flails
 * Level 7.2 Dodging
 * Level 9.2 Shields


You had 10 spell levels left.
You didn't know any spells.
Your spell library contained the following spells:

 Spells                   Type           Power      Damage    Failure   Level
 Freeze                   Ice            0%         1d3       26%         1
 Slow                     Hex            0%         N/A       26%         1
 Call Canine Familiar     Summ           0%         N/A       58%         3
 Confusing Touch          Hex            0%         N/A       58%         3
 Frozen Ramparts          Ice            0%         1d1       58%         3
 Hailstorm                Conj/Ice       0%         3d3       58%         3
 Portal Projectile        Hex/Tloc       0%         N/A       58%         3
 Vampiric Draining        Necr           0%         2d6       58%         3
 Ice Form                 Ice/Tmut       0%         N/A       94%         4
 Leda's Liquefaction      Hex/Erth       0%         N/A       94%         4
 Summon Ice Beast         Ice/Summ       0%         N/A       94%         4


Dungeon Overview and Level Annotations

Branches:
Dungeon (12/15)            Temple (1/1) D:4
   Lair: D:8-11         Orc: D:9-12

Altars:
Ashenzari
Dithmenos
Fedhas
Gozag
Hepliaklqana
Kikubaaqudgha
Makhleb
Nemelex Xobeh
Okawaru
Qazlal
Ru
Sif Muna
Trog
Uskayaw
Wu Jian
Xom
Yredelemnul

Shops:
D:1 =

Annotations:
D:12 Rupert
Abyss:1 Blork the orc, Dowan


Innate Abilities, Weirdness & Mutations

You are partially covered in large bone plates. (SH +4)
A demonic guardian rushes to your aid.
You sometimes gain a little power by taking damage.
You have a sharp stinger which inflicts weakening toxins.
You have large cloven feet.
Your mind is acute. (Int +4, Str/Dex -1)
You occasionally lose the ability to read scrolls when taking damage.


Message History

You see here a +0 giant club.
Your orange demon barely misses Rupert.
Your orange demon hits Rupert.
Rupert looks weaker.
Rupert roars madly and goes into a rage!
Rupert goes berserk!
You see here a +0 giant club.
Something hits your orange demon!!!
Your orange demon stings Rupert.
Rupert looks as sick as possible!
Your orange demon poisons Rupert!
Your orange demon closely misses Rupert.
Rupert hits your orange demon with a +2 heavy great sword!!
Your orange demon dies!
Your orange demon disappears in a puff of smoke!
You see here a +0 giant club.
You draw a card...
You have drawn the Orb.
Press: ? - help, Shift-Dir - straight line, f - Rupert
Aim: Rupert, wielding a +2 heavy great sword and wearing a +0 scale mail (lightly wounded, berserk, unaware, extremely poisoned, weak, hasn't noticed you, haloed)
Your orb of destruction hits a rock wall. x3
Rupert rages.
Your orb of destruction hits a rock wall.
Unknown command.
You hit Rupert but do no damage.
Space warps around Rupert.
You kick Rupert, but do no damage.
Rupert is lightly wounded.
Rupert hits you with a +2 heavy great sword!!
You feel threatened and lose the ability to read scrolls!
* * * LOW HITPOINT WARNING * * *
You focus on the pain.
You feel more agile all of a sudden.
You draw a card...
You have drawn Wild Magic.
Nothing appears to happen.
Rupert misses you.
You draw a card...
You have drawn Pain.
Press: ? - help, Shift-Dir - straight line, f/p - Rupert
Aim: Rupert, wielding a +2 heavy great sword and wearing a +0 scale mail (lightly wounded, berserk, extremely poisoned, weak, haloed) Rupert convulses!
Rupert hits you with a +2 heavy great sword!!
You die...
Your body glows slightly brighter and disappears.

8. #.## .#.### #.#
#.....# #.# ....)). #)#
...))).## #)# ..)..○))##
#)# ....))°○)# ##)# #@)#
#))# ##@# ###)########
#.# #...........
#.#####...........
#######.##..'...........
#..........##...........
..######.####...........
#.# #........... #..
#........).. ##.#
#########+##


You could see Rupert (berserk, extremely poisoned, weak).

Vanquished Creatures
  A boulder beetle (D:8)
  Lodul (D:12)
  A centaur zombie (D:10)
  A slime creature (D:10)
  Maurice (D:12)
  A komodo dragon (D:8)
  2 trolls
  A shadow (D:10)
  7 yaks
  A basilisk (D:11)
  A steam dragon (D:10)
  3 water moccasins
  Duvessa (D:7)
  An ice beast (D:4)
  5 orc warriors (D:12)
  9 ogres
  2 centaurs
  3 phantoms
  2 kobold brigands
  2 scorpions
  A bullfrog (D:7)
  11 wights
  A killer bee (D:10)
  A jelly (D:6)
  A gnoll bouda (D:6)
  4 orc priests
  2 hounds
  2 iguanas
  Natasha (thrice) (D:3)
  7 orc wizards
  6 gnolls (D:6)
  11 adders
  2 shadow imps
  A white imp (D:6)
  2 worms (D:2)
  A dart slug (D:2)
  40 orcs
  6 bats (D:1)
  3 endoplasms
  6 giant cockroaches
  11 goblins
  8 hobgoblins
  10 jackals
  17 kobolds
  7 quokkas
  3 ball pythons
  3 rats
216 creatures vanquished.

Vanquished Creatures (collateral kills)
  A two-headed ogre (D:10)
  4 slime creatures (D:10)
  A shadow (D:10)
  A yak (D:12)
  An orc warrior (D:12)
  An ogre (D:12)
  A bullfrog (D:8)
  A gnoll sergeant (D:10)
  A killer bee (D:10)
  2 orc priests (D:12)
  4 gnolls
  An adder (D:6)
  4 orcs (D:12)
  A kobold (D:7)
24 creatures vanquished.

Grand Total: 240 creatures vanquished

Notes
Turn   | Place    | Note
-------+----------+-------------------------------------------
     0 | D:1      | innerfire43 the Demonspawn Monk began the quest for the
                  | Orb.
     0 | D:1      | Reached XP level 1. HP: 18/18 MP: 1/1
   284 | D:1      | Gained mutation: You are partially covered in large bone
                  | plates. (SH +4) [demonic ancestry]
   284 | D:1      | Reached XP level 2. HP: 24/24 MP: 2/2
   323 | D:1      | Found Xocynol's Jewellery Shoppe.
   638 | D:1      | Gained mutation: You have a small tail. [demonic ancestry]
   638 | D:1      | Reached XP level 3. HP: 26/29 MP: 3/3
  1552 | D:2      | Gained mutation: You have a tail ending in a sharp stinger.
                  | [demonic ancestry]
  1552 | D:2      | Reached XP level 4. HP: 35/35 MP: 4/4
  1739 | D:3      | Reached skill level 1 in Shields
  1952 | D:3      | Noticed Natasha
  1957 | D:3      | Killed Natasha
  1958 | D:3      | Reached skill level 1 in Maces & Flails
  1967 | D:3      | Noticed Natasha
  1977 | D:3      | Killed Natasha
  1978 | D:3      | Gained mutation: You have a sharp stinger which inflicts
                  | weakening toxins. [demonic ancestry]
  1978 | D:3      | Reached XP level 5. HP: 38/41 MP: 5/5
  2462 | D:3      | Noticed Natasha
  2465 | D:3      | Killed Natasha
  2501 | D:4      | Noticed an ogre
  2511 | D:4      | Killed an ogre
  2512 | D:4      | Reached XP level 6. HP: 20/48 MP: 6/6
  2782 | D:4      | Found a staircase to the Ecumenical Temple.
  2832 | Temple   | Entered the Ecumenical Temple
  3009 | Temple   | Became a worshipper of Nemelex Xobeh the Trickster
  3009 | Temple   | Reached * piety under Nemelex Xobeh
  3009 | Temple   | Received a gift from Nemelex Xobeh
  3009 | Temple   | Reached ** piety under Nemelex Xobeh
  3690 | D:4      | Noticed an ice beast
  3698 | D:4      | Killed an ice beast
  3699 | D:4      | Gained mutation: A weak demonic guardian rushes to your
                  | aid. [demonic ancestry]
  3699 | D:4      | Reached XP level 7. HP: 34/54 MP: 7/7
  4383 | D:5      | Entered Level 5 of the Dungeon
  4463 | D:5      | Reached skill level 5 in Maces & Flails
  4737 | D:5      | Noticed Blork the orc
  4748 | D:5      | Banished Blork the orc
  4772 | D:5      | Received a gift from Nemelex Xobeh
  4841 | D:5      | Gained mutation: You sometimes gain a little power by
                  | taking damage. [demonic ancestry]
  4841 | D:5      | Reached XP level 8. HP: 58/60 MP: 8/8
  4855 | D:5      | Found a burning altar of Makhleb.
  4855 | D:5      | Noticed an Executioner
  4888 | D:5      | Noticed an orange demon
  4888 | D:5      | Noticed a hellwing
  5118 | D:5      | Found a shimmering altar of Xom.
  5642 | D:6      | Reached *** piety under Nemelex Xobeh
  5705 | D:6      | Reached skill level 5 in Fighting
  6146 | D:6      | Received a gift from Nemelex Xobeh
  6286 | D:7      | Gained mutation: You have a pair of small horns on your
                  | head. [potion of mutation]
  6286 | D:7      | Gained mutation: Your movements are slightly less
                  | encumbered by armour. (ER -2) [potion of mutation]
  6287 | D:7      | Lost mutation: You have a pair of small horns on your head.
                  | [potion of mutation]
  6287 | D:7      | Lost mutation: Your movements are slightly less encumbered
                  | by armour. (ER -2) [potion of mutation]
  6287 | D:7      | Gained mutation: Your system is resistant to poisons.
                  | (rPois) [potion of mutation]
  6287 | D:7      | Gained mutation: You have a pair of small horns on your
                  | head. [potion of mutation]
  6288 | D:7      | Lost mutation: Your system is resistant to poisons. (rPois)
                  | [potion of mutation]
  6288 | D:7      | Lost mutation: You have a pair of small horns on your head.
                  | [potion of mutation]
  6288 | D:7      | Gained mutation: You have hidden genetic potential. [potion
                  | of mutation]
  6288 | D:7      | Gained mutation: Your mind is acute. (Int +4, Str/Dex -1)
                  | [potion of mutation]
  6390 | D:7      | Reached XP level 9. HP: 45/68 MP: 9/9
  6518 | D:7      | Reached skill level 5 in Shields
  6563 | D:7      | Found a flagged portal.
  6800 | D:7      | Noticed Dowan
  6802 | D:7      | Noticed Duvessa
  6806 | D:7      | Banished Dowan
  6817 | D:7      | Killed Duvessa
  6818 | D:7      | Reached skill level 5 in Dodging
  7105 | D:8      | Gained mutation: You have a pair of small antennae on your
                  | head. [hidden potential]
  7140 | D:8      | Received a gift from Nemelex Xobeh
  7186 | D:8      | Noticed a meliai
  7187 | D:8      | Noticed a troll
  7188 | D:8      | Noticed a boulder beetle
  7189 | D:8      | Noticed a komodo dragon
  7191 | D:8      | Banished a meliai
  7203 | D:8      | Killed a komodo dragon
  7206 | D:8      | Killed a troll
  7211 | D:8      | Killed a boulder beetle
  7212 | D:8      | Gained mutation: A demonic guardian rushes to your aid.
                  | [demonic ancestry]
  7212 | D:8      | Reached XP level 10. HP: 15/77 MP: 10/10
  7475 | D:8      | You fall into a shaft and drop 2 floors!
  7475 | D:10     | Entered Level 10 of the Dungeon
  7521 | D:10     | Reached **** piety under Nemelex Xobeh
  7527 | D:10     | Gained mutation: You are mostly covered in large bone
                  | plates. (SH +6) [hidden potential]
  7527 | D:10     | Lost mutation: You have hidden genetic potential. [hidden
                  | potential expressed]
  7744 | D:10     | Noticed a two-headed ogre
  7773 | D:10     | Killed a two-headed ogre
  8069 | D:10     | Found an ancient bone altar of Kikubaaqudgha.
  8549 | D:10     | Found a hide-covered altar of Uskayaw.
  8558 | D:10     | Identified the +3 falchion of the Sky {flame, Contam Dex-2
                  | SInv Stlth+}
  8624 | D:10     | Found a basalt altar of Yredelemnul.
  8781 | D:10     | Found an ornate altar of the Wu Jian Council.
  9357 | D:11     | Found a bloodstained altar of Trog.
  9499 | D:11     | Reached XP level 11. HP: 75/86 MP: 11/11
  9538 | D:11     | Lost mutation: You have a pair of small antennae on your
                  | head. [potion of mutation]
  9538 | D:11     | Lost mutation: You are mostly covered in large bone plates.
                  | (SH +6) [potion of mutation]
  9538 | D:11     | Gained mutation: You occasionally lose the ability to read
                  | scrolls when taking damage. [potion of mutation]
  9538 | D:11     | Gained mutation: You have large cloven feet. [potion of
                  | mutation]
  9542 | D:11     | Received a gift from Nemelex Xobeh
  9630 | D:11     | Noticed a boulder beetle
  9673 | D:11     | Banished a boulder beetle
 10635 | D:12     | Noticed Maurice
 10637 | D:12     | Killed Maurice
 10637 | D:12     | Killed Lodul
 10642 | D:12     | Noticed Rupert
 10656 | D:12     | Slain by Rupert

Illustrated notes

Levels and vault maps discovered:
D:1:      lightli_iron_boxes, layout_loops_corners, serial_shops,
          nicolae_shop_tiny_statue_garden, minmay_pentomino_p4
D:2:      layout_loops_cross
D:3:      corexii_shack_village, layout_loops_cross, uniq_natasha
D:4:      layout_cave_pods, minmay_temple_entry_hall, kennysheep_dice
D:5:      layout_loops_ring, mainiacjoe_overflow_alcove_2,
          makhleb_altar_promises_db, minivault_23, uniq_blork_the_orc
D:6:      layout_basic
D:7:      layout_basic, enter_bailey_4, uniq_duvessa
D:8:      minmay_tri_box, layout_gridville, cheibriados_altar_1
D:10:     layout_loops_ring, lemuel_coloured_pillars_altar,
          lemuel_zombie_altar_yredelemnul, kiku_gazebo_garden_becter,
          kennysheep_little_box, dreamdust_mushroom_princess,
          minmay_misc_feat_plants
D:11:     layout_roguey, roderic_lattice_a, trog_hazing_becter
D:12:     layout_roguey [special_room_orc], hiddenorc1_lemuel, uniq_rupert,
          uniq_maurice, uniq_lodul
Temple:   eino_temple_water

Skill      XL: |  1  2  3  4  5  6  7  8  9 10 11 |
---------------+----------------------------------+-----
Axes           | 3 |  3.3
Dodging        | 3 4 5 6 7 |  7.2
Shields        | 1 2 3 4 6 8 9 |  9.2
Maces & Flails | 1 2 4 6 7 8 9 |  9.8
Fighting       | 4 5 6 8 9 |  9.0

Action                     |  1- 3 |  4- 6 |  7- 9 | 10-12 || total
---------------------------+-------+-------+-------+-------++-------
  Melee: Hand axe          |   115 |       |       |       ||   115
         Whip              |    12 |    82 |   231 |   208 ||   533
         Tailslap          |     7 |     8 |    48 |    48 ||   111
         Kick              |       |       |       |    54 ||    54
 Invoke: Draw Destruction  |       |       |       |    14 ||    14
         Draw Escape       |       |       |       |     3 ||     3
         Draw Summoning    |       |       |       |     2 ||     2
    Use: Scroll            |       |       |     7 |     3 ||    10
         Potion            |       |       |     5 |     3 ||     8
   Stab: Distracted        |       |       |     1 |       ||     1
 Armour: Robe              |    27 |       |       |       ||    27
         Chain mail        |    18 |    33 |    67 |    16 ||   134
         Steam dragon scal |       |       |       |    33 ||    33
  Dodge: Dodged            |    70 |    18 |    55 |    83 ||   226
  Block: Orb               |    15 |    18 |    79 |    78 ||   190
         Reflection        |       |       |     2 |     3 ||     5

Table legend: (Time is in decaauts)
 A = Elapsed time spent in this place.
 B = Non-inter-level travel time spent in this place.
 C = Inter-level travel time spent in this place.
 D = Time resting spent in this place.
 E = Time spent auto-exploring this place.
 F = Levels seen in this place.
 G = Mean time per level.
                   A        B        C        D        E       F      G
               +--------+--------+--------+--------+--------+-----+--------+
         Total |  10540 |   9659 |    881 |      0 |   7890 |  12 |  878.3 |
       Dungeon |  10222 |   9341 |    881 |      0 |   7765 |  11 |  929.3 |
        Temple |    318 |    318 |      0 |      0 |    125 |   1 |  318.0 |
               +--------+--------+--------+--------+--------+-----+--------+

Top non-repeatable levels by time:
    D:10: 1828 daAuts
     D:4: 1578 daAuts
     D:5: 1044 daAuts
     D:1: 1027 daAuts
    D:11: 850 daAuts
     D:7: 816 daAuts
     D:3: 781 daAuts
     D:6: 775 daAuts
     D:2: 687 daAuts
    D:12: 427 daAuts
     D:8: 403 daAuts
  Temple: 318 daAuts
